 Dungeon Crawl Stone Soup version 0.20-a0-303-g575bbf7 (webtiles) character file.

53 Eviona the Gusty (level 3, -1/35 HPs)
             Began as an Ogre Air Elementalist on Dec 16, 2016.
             Slain by a hobgoblin
             ... wielding a +0 club
              (2 damage)
             ... on level 2 of the Dungeon.
             The game lasted 00:04:47 (1826 turns).

Eviona the Gusty (Ogre Air Elementalist)            Turns: 1826, Time: 00:04:47

Health: -1/35      AC:  3    Str: 12    XL:     3   Next: 89%
Magic:  1/6        EV: 10    Int: 17    God:
Gold:   68         SH:  0    Dex:  9    Spells: 1/6 levels left

rFire  . . .     SeeInvis .     f - +0 club
rCold  . . .     Gourm    .     a - +0 robe
rNeg   . . .     Faith    .     (no shield)
rPois  .         Spirit   .     (helmet restricted)
rElec  .         Reflect  .     (no cloak)
rCorr  .         Harm     .     (gloves unavailable)
MR     .....                    (boots unavailable)
Stlth  +.........               (no amulet)
                                (no ring)
                                (no ring)

@: lethally poisoned (-1 -> -3), very slightly contaminated
A: unfitting armour, tough skin 1
a: no special abilities


You were on level 2 of the Dungeon.
You were not hungry.

You visited 1 branch of the dungeon, and saw 2 of its levels.

You collected 68 gold pieces.

Inventory:

Hand Weapons
 f - a +0 club (weapon)
Armour
 a - a +0 robe (worn)
Jewellery
 d - an uncursed ring of protection from cold {unknown}
 g - an uncursed ring of positive energy {unknown}
Scrolls
 e - 2 scrolls of remove curse {unknown}
 j - a scroll of teleportation {unknown}
 k - a scroll of identify {unknown}
Potions
 h - 3 potions of agility {unknown}
 i - 2 potions of brilliance {unknown}
 l - a potion of curing {unknown}
Books
 b - a book of Air

   Spells                             Type                      Level
   a - Shock                          Conjuration/Air              1
   b - Swiftness                      Charms/Air                   2
   c - Repel Missiles                 Charms/Air                   2
   d - Static Discharge               Conjuration/Air              3
   e - Lightning Bolt                 Conjuration/Air              5
Comestibles
 c - a bread ration


   Skills:
 - Level 1.6 Fighting
 + Level 2.6 Maces & Flails
 - Level 1.7 Dodging
 - Level 1.4 Stealth
 - Level 2.4 Spellcasting
 - Level 0.8 Conjurations
 - Level 2.6 Air Magic


You had one spell level left.
You knew the following spells:

 Your Spells              Type           Power        Failure   Level  Hunger
a - Shock                 Conj/Air       #...         12%         1    #......
b - Repel Missiles        Chrm/Air       #.....       21%         2    ##.....
c - Swiftness             Chrm/Air       #.......     21%         2    ##.....


Dungeon Overview and Level Annotations

Branches:
Dungeon (2/15)

Altars:


Innate Abilities, Weirdness & Mutations

You are too large for most types of armour.
You have tough skin. (AC +1)


Message History

Nothing appears to happen.
You feel sick. The hobgoblin hits you with a club.
* * * LOW HITPOINT WARNING * * *
You barely miss the hobgoblin. The hobgoblin hits you with a club.
* * * LOW HITPOINT WARNING * * *
You completely miss the hobgoblin.
You feel sick. The hobgoblin hits you with a club.
* * * LOW HITPOINT WARNING * * *
You barely miss the hobgoblin. The hobgoblin misses you.
You hit the hobgoblin.
The hobgoblin is moderately wounded.
* * * LOW HITPOINT WARNING * * *
You feel sick.
The hobgoblin hits you but does no damage.
You closely miss the hobgoblin.
The hobgoblin is moderately wounded.
The hobgoblin hits you but does no damage.
You hit the hobgoblin.
The hobgoblin is severely wounded.
The hobgoblin hits you with a club.
You die...

.. .. ## .. ... . #. #..
.## ###. .. #..# ..# .....
#. #<..##.##..... #.
#..........# #.
###.#.%.g....# #######.
#......@....># ##.......
####..........#.###..####.#
....................#####.#
#............###.........#
###......................#
.....<##......###.........#
.....# #>.....###.........#
$.... #>..............(...
......###.....#.#..........


You could see a hobgoblin.

Vanquished Creatures
  2 adders (D:2)
  2 leopard geckos
  10 bats
  2 giant cockroaches
  3 goblins (D:1)
  6 hobgoblins
  2 kobolds (D:1)
  A ball python (D:1)
  A frilled lizard (D:1)
  4 rats
33 creatures vanquished.

Notes
Turn   | Place    | Note
-------+----------+-------------------------------------------
     0 | D:1      | Eviona the Ogre Air Elementalist began the quest for the Orb.
     0 | D:1      | Reached XP level 1. HP: 16/16 MP: 3/3
    69 | D:1      | Reached skill level 1 in Fighting
   342 | D:1      | Reached XP level 2. HP: 28/28 MP: 0/5
   470 | D:1      | Reached skill level 1 in Maces & Flails
   844 | D:1      | Learned a level 2 spell: Repel Missiles
   847 | D:1      | Learned a level 2 spell: Swiftness
   850 | D:1      | Reached XP level 3. HP: 35/35 MP: 1/6
  1398 | D:2      | Found a faded altar of an unknown god.
  1824 | D:2      | HP: 1/35 [poisoned by an adder]
  1826 | D:2      | Slain by a hobgoblin

Vault maps used:
D:1:      kennysheep_arrival_seaside, minmay_pentomino_v4
D:2:      chequers_ecumenical_altar_lobes, kennysheep_generic_room_3

Skill      XL: |  1  2  3 |
---------------+----------+-----
Fighting       | 1 |  1.6
Maces & Flails | 1 2 |  2.6
Dodging        | |  1.7
Stealth        | |  1.4
Spellcasting   | |  2.4
Conjurations   | |  0.8
Air Magic      | |  2.6

Action                   || total
-------------------------++-------
Melee: Unarmed           ||     6
       Club              ||    59
 Cast: Shock             ||    56
  Eat: Chunk             ||     3
Armor: Robe              ||    30
Dodge: Dodged            ||    51
